 Dungeon Crawl Stone Soup version 0.21.1-1-g345015f (webtiles) character file.

143 reveihort the Slasher (level 5, -1/50 HPs)
             Began as a Naga Berserker on July 6, 2018.
             Was a Believer of Trog.
             Slain by an orc wizard
             ... wielding a +0 dagger
              (2 damage)
             ... on level 3 of the Dungeon.
             The game lasted 00:10:03 (2829 turns).

reveihort the Slasher (Naga Berserker)              Turns: 2829, Time: 00:10:05

Health: -1/50      AC:  7    Str: 19 (21) XL:     5   Next: 25%
Magic:  5/5        EV:  8    Int:  4 (7)  God:    Trog [**....]
Gold:   88         SH:  4    Dex:  9 (10) Spells: 4/4 levels left

rFire    . . .     SeeInvis +   a - +0 falchion
rCold    . . .     Gourm    .   (no shield)
rNeg     . . .     Faith    .   g - +0 scale mail
rPois    +         Spirit   .   (no helmet)
rElec    .         Reflect  .   (no cloak)
rCorr    .         Harm     .   (no gloves)
MR       .....                  (no barding)
Stlth    ..........             (no amulet)
HPRegen  0.16/turn              (no ring)
MPRegen  0.09/turn              (no ring)

@: slowed, drained, very slow
A: large, large bone plates 1, molten scales 1, see invisible, deformed body,
poison resistance, slowness 2, slow metabolism 1, spit poison 1, AC +1
a: Spit Poison, Berserk, Trog's Hand, Burn Spellbooks, Renounce Religion


You were on level 3 of the Dungeon.
You worshipped Trog.
Trog was pleased with you.
You were not hungry.

You visited 1 branch of the dungeon, and saw 3 of its levels.

You collected 88 gold pieces.

Inventory:

Hand Weapons
 a - a +0 falchion (weapon)
Armour
 b - a +0 animal skin
 g - a +0 scale mail (worn)
Jewellery
 d - an uncursed ring of fire {unknown}
 e - an uncursed amulet of rage {unknown}
 j - an uncursed ring of wizardry {unknown}
Potions
 i - a potion of degeneration
Comestibles
 c - 4 rations
 f - 3 chunks of flesh


   Skills:
 + Level 3.8(3.7) Fighting
 + Level 4.5 Long Blades
 + Level 2.3 Armour
 + Level 1.9 Dodging
 + Level 0.3 Stealth


You had 4 spell levels left.
You didn't know any spells.

Dungeon Overview and Level Annotations

Branches:
Dungeon (3/15)

Altars:


Innate Abilities, Weirdness & Mutations

You cannot wear boots.
Your serpentine skin is tough. (AC +1)
You have supernaturally acute eyesight. (SInv)
Armour fits poorly on your strangely shaped body.
Your system is resistant to poisons. (rPois)
You cover ground very slowly.
You have a slow metabolism.
You can spit poison.
You are partially covered in large bone plates. (SH +4)
You are partially covered in molten scales. (AC +2)


Message History

It was a potion of degeneration.
There was something very wrong with that liquid.
You feel weakened.
You feel dopey.
You feel clumsy. The orc wizard hits you with a dagger.
* * * LOW HITPOINT WARNING * * *
You block the orc wizard's attack.
You barely miss the orc wizard.
The orc wizard hits you but does no damage. x3
Some of the chunks of flesh in your inventory have rotted away.
A ball python comes into view.
You hit the orc wizard.
The orc wizard is moderately wounded.
The orc wizard hits you but does no damage. x2
You hit the orc wizard.
The orc wizard is severely wounded.
The orc wizard points at you and mumbles some strange words.
The magic dart hits you!
* * * LOW HITPOINT WARNING * * *
The orc wizard hits you with a dagger.
You die...

.....#.#.# .#
.....#$### #.#
....... #.#
##.#.#
#.#######....#
#............#
#.#######..>##
# #.########.##
#.##..o@.)....#
.
#...S##########
.# #.##.# .
#.##.# #.
#.##.#
#.#######.##.#
#.........##.#
###.#.##.....#
#.#.##.#####


You could see an orc wizard and a ball python.

Vanquished Creatures
  A scorpion (D:2)
  3 adders
  2 worms (D:2)
  A dart slug (D:2)
  A leopard gecko (D:3)
  2 orcs (D:3)
  3 ball pythons
  2 giant cockroaches
  11 goblins
  3 hobgoblins
  3 jackals (D:2)
  10 bats
  4 frilled lizards
  5 kobolds
  6 rats
  A fungus (D:1)
58 creatures vanquished.

Notes
Turn   | Place    | Note
-------+----------+-------------------------------------------
     0 | D:1      | reveihort the Naga Berserker began the quest for the Orb.
     0 | D:1      | Reached XP level 1. HP: 21/21 MP: 1/1
   279 | D:1      | Reached XP level 2. HP: 15/28 MP: 2/2
  1277 | D:2      | Reached XP level 3. HP: 23/34 MP: 3/3
  1505 | D:2      | Found a faded altar of an unknown god.
  1630 | D:2      | Noticed a scorpion
  1652 | D:2      | Killed a scorpion
  1652 | D:2      | Reached skill level 4 in Long Blades
  1652 | D:2      | Reached XP level 4. HP: 5/44 MP: 4/4
  1936 | D:2      | Reached ** piety under Trog
  2208 | D:2      | Reached XP level 5. HP: 35/50 MP: 5/5
  2825 | D:3      | Gained mutation: You are partially covered in molten scales. (AC +2) [potion of mutation]
  2825 | D:3      | Gained mutation: You are partially covered in large bone plates. (SH +4) [potion of mutation]
  2829 | D:3      | HP: 1/50 [orc wizard/magic dart (8)]
  2829 | D:3      | Slain by an orc wizard

Skill      XL: |  1  2  3 |
---------------+----------+-----
Long Blades    | 4 |  4.5
Armour         | 2 |  2.3
Fighting       | |  3.8
Dodging        | |  1.9
Stealth        | |  0.3

Action                   |  1- 3 |  4- 6 || total
-------------------------+-------+-------++-------
Melee: Falchion          |   113 |    86 ||   199
  Use: Scroll            |     4 |     2 ||     6
       Potion            |     2 |     2 ||     4
  Eat: Chunk             |     2 |     3 ||     5
Armor: Animal skin       |    11 |       ||    11
       Scale mail        |    46 |    36 ||    82
Dodge: Dodged            |    56 |    40 ||    96
Block: Other             |       |     2 ||     2
       Rpst.: Falchion   |    25 |    10 ||    35
